 Dungeon Crawl Stone Soup version 0.30.0-10-gfe55d96785 (webtiles) character file.

Game seed: 553191538450150072

17399 Foic the Spear-Bearer (level 12, -3/97 HPs)
             Began as a Gnoll Chaos Knight on May 15, 2023.
             Was a Plaything of Xom.
             Slain by Amaemon
             ... wielding a +0 demon whip of venom
              (4 damage)
             ... on level 1 of the Lair of Beasts.
             The game lasted 01:06:11 (14504 turns).

Foic the Spear-Bearer (Gnoll Chaos Knight)         Turns: 14504, Time: 01:06:12

Health: -3/97      AC: 20    Str: 18      XL:     12   Next: 47%
Magic:  23/23      EV:  8    Int: 14      God:    Xom [.*....]
Gold:   692        SH:  5    Dex: 13 (16) Spells: 26/26 levels left

rFire   + . .        o - +6 quarterstaff "Inisiem" {chaos, Fragile rF+ Dex+4}
rCold   + + .        (shield currently unavailable)
rNeg    . . .        s - +0 plate armour
rPois   .            Z - +2 hat {Will+}
rElec   +            B - +0 cloak
rCorr   .            f - +0 pair of gloves
SInv    .            (no boots)
Will    +....        Q - amulet of reflection
Stlth   x              - ring of protection from cold
HPRegen 0.36/turn    P - +4 ring of slaying
MPRegen 0.18/turn

%: reflection, clarity
@: lethally poisoned (-3 -> -63), unable to drink
A: fangs 2, strong nose, distributed training, antennae 2, talons 1, iridescent
scales 1, clarity, clever 1, cold resistance 1, deterioration 1, electricity
resistance, strong 1, wild magic 2, evolution 1, inability to drink after injury
1, MP-powered wands
a: Renounce Religion


You were on level 1 of the Lair of Beasts.
You worshipped Xom.
You were a plaything of Xom.
You visited 3 branches of the dungeon, and saw 13 of its levels.
You also visited: Ossuary and Bailey.

You collected 692 gold pieces.

Inventory:

Hand Weapons
 a - a +0 spear of chaos
 k - a +2 vampiric dagger
 m - a +0 sling
 o - the +6 quarterstaff "Inisiem" (weapon) {chaos, Fragile rF+ Dex+4}
   (Xom gifted it to you on level 1 of the Dungeon)

   Dex:       It affects your dexterity (+4).
   rF:        It protects you from fire.
   Fragile:   It will be destroyed if unequipped.
 Y - a +5 dagger of chaos
Missiles
 h - 26 poisoned darts
 l - 87 stones
 D - 3 atropa-tipped darts
 H - 4 boomerangs
Armour
 f - a +0 pair of gloves (worn)
 s - a +0 plate armour (worn)
 u - the +0 ring mail of the Five Ultimatums {Fly Will+}
   (You found it on level 2 of the Dungeon)

   Fly:       It grants you flight.
   Will:      It increases your willpower.
 B - a +0 cloak (worn)
 Z - a +2 hat of willpower (worn)
Magical Staves
 W - a staff of air
Jewellery
 b - a ring of ice
 n - a ring of fire
 x - a ring of protection from cold (left hand)
 L - an amulet of magic regeneration
 P - a +4 ring of slaying (right hand)
 Q - an amulet of reflection (around neck)
 X - a +4 ring of protection
Wands
 y - a wand of paralysis (11)
 G - a wand of polymorph (11)
 N - a wand of flame (37)
 V - a wand of iceblast (3)
Scrolls
 d - 4 scrolls of teleportation
 g - a scroll of torment {unknown}
 i - 8 scrolls of identify
 t - a scroll of vulnerability {unknown}
 w - 2 scrolls of summoning {unknown}
 z - 3 scrolls of blinking
 A - a scroll of silence {unknown}
 C - 2 scrolls of amnesia
 K - 4 scrolls of enchant armour
 M - 4 scrolls of enchant weapon
 O - a scroll of fear {unknown}
 T - a scroll of fog {unknown}
Potions
 e - 11 potions of curing
 j - 2 potions of degeneration {unknown}
 p - a potion of heal wounds
 r - 2 potions of lignification {unknown}
 v - 3 potions of magic
 E - 2 potions of haste
 I - 2 potions of brilliance {unknown}
 J - a potion of flight {unknown}
 R - 2 potions of might
 S - a potion of attraction {unknown}
 U - a potion of mutation {unknown}
Miscellaneous
 c - a piece from Xom's chessboard (15/15) (quivered)


   Skills:
 + Level 10.1 Fighting
 + Level 7.6 Short Blades
 + Level 7.6 Long Blades
 + Level 7.6 Axes
 + Level 7.6 Maces & Flails
 + Level 10.1 Polearms
 + Level 7.6 Staves
 + Level 7.6 Ranged Weapons
 + Level 7.6 Throwing
 + Level 9.0 Armour
 + Level 8.1 Dodging
 + Level 7.6 Stealth
 + Level 7.6 Shields
 + Level 7.6 Unarmed Combat
 + Level 7.6 Spellcasting
 + Level 6.3 Conjurations
 + Level 6.3 Hexes
 + Level 6.3 Summonings
 + Level 6.3 Necromancy
 + Level 6.3 Translocations
 + Level 6.3 Transmutations
 + Level 6.3 Fire Magic
 + Level 6.3 Ice Magic
 + Level 6.3 Air Magic
 + Level 6.3 Earth Magic
 + Level 6.3 Poison Magic
 + Level 8.3 Invocations
 + Level 7.6 Evocations


You had 26 spell levels left.
You didn't know any spells.
Your spell library contained the following spells:

 Spells                   Type           Power      Damage    Failure   Level
 Poisonous Vapours        Pois/Air       72%        N/A       54%         2
 Frozen Ramparts          Ice            72%        1d11      75%         3
 Hailstorm                Conj/Ice       36%        3d9       75%         3
 Mephitic Cloud           Conj/Pois/Air  36%        N/A       75%         3
 Ozocubu's Armour         Ice            36%        N/A       75%         3
 Ice Form                 Ice/Tmut       36%        N/A       98%         4
 Summon Ice Beast         Ice/Summ       36%        N/A       98%         4
 Freezing Cloud           Conj/Ice/Air   18%        6-21      100%        5
 Metabolic Englaciation   Hex/Ice        18%        N/A       100%        5
 Summon Forest            Summ/Tloc      18%        N/A       100%        5
 Summon Mana Viper        Hex/Summ       36%        N/A       100%        5
 Simulacrum               Ice/Necr       18%        N/A       100%        6
 Summon Cactus Giant      Summ           18%        N/A       100%        6


Dungeon Overview and Level Annotations

Branches:
Dungeon (11/15)            Temple (1/1) D:5            Lair (1/5) D:10
    Orc (0/2) D:10        Ossuary (visited)          Bailey (visited)

Altars:
Ashenzari
Cheibriados
Dithmenos
Elyvilon
Fedhas
Gozag
Hepliaklqana
Kikubaaqudgha
Makhleb
Nemelex Xobeh
Okawaru
Qazlal
Ru
Sif Muna
Trog
Uskayaw
Vehumet
Wu Jian
Xom
Yredelemnul
Zin
The Shining One

Shops:
D:6 *   D:9 ?

Annotations:
Lair:1 Amaemon
Abyss:1 Nergalle


Innate Abilities, Weirdness & Mutations

You have extremely sharp teeth.
Your uncanny sense of smell can sniff out nearby items.
Your experience applies equally to all skills.
You have a pair of antennae on your head.
You have sharp toenails.
You are partially covered in iridescent scales. (AC +2)
You possess an exceptional clarity of mind.
Your mind is acute. (Int +4, Str/Dex -1)
Your flesh is cold resistant. (rC+)
Your body sometimes deteriorates upon taking damage.
You are resistant to electric shocks. (rElec)
Your muscles are strong. (Str +4, Int/Dex -1)
Your spells are harder to cast, but more powerful.
You have hidden genetic potential.
You occasionally lose the ability to drink potions when taking damage.
You expend magic power (3 MP) to strengthen your wands.


Message History

The orange demon poisons you! The orange demon barely misses you.
Amaemon hits you with a +0 demon whip of venom!
Your body deteriorates!
You feel clumsy.
You are lethally poisoned!
Amaemon claws you. Amaemon tail-slaps you.
The orange demon attacks as you move away!
The orange demon barely misses you. You block the orange demon's attack.
You feel extremely sick.
The orange demon stings you but does no damage.
You closely miss Amaemon. You claw Amaemon.
Amaemon is lightly wounded.
* * * LOW HITPOINT WARNING * * *
You feel extremely sick. Amaemon barely misses you.
Amaemon claws you but does no damage. Amaemon closely misses you.
You block the orange demon's attack. Amaemon barely misses you.
Amaemon closely misses you. Amaemon barely misses you.
You feel much better.
You feel extremely sick.
Amaemon hits you with a +0 demon whip of venom!!
You feel threatened and lose the ability to drink potions!
* * * LOW HITPOINT WARNING * * *
You emit a cloud of colourful smoke!
You are more poisoned.
You block Amaemon's attack. Amaemon tail-slaps you!
* * * LOW HITPOINT WARNING * * *
The orange demon stings you but does no damage.
You barely miss Amaemon. You claw Amaemon!
Amaemon is moderately wounded.
* * * LOW HITPOINT WARNING * * *
You feel extremely sick. Amaemon hits you but does no damage.
You are more poisoned.
Amaemon claws you but does no damage. Amaemon barely misses you.
The orange demon stings you but does no damage.
Amaemon hits you but does no damage.
You are more poisoned.
Amaemon claws you.
You die...
Xom giggles madly!

##.## #####P..###
######P.#....#.###
.................#
P#P###P###....##.#
#### ### ##..P##.#
# ##.###4.# #
#..## #6# #
#...###@###..#
#......ยงยง....# #
#######.P.P..# #
#.....## ##
##.#..# .# ###.#
.# .# .# . .#


You could see Amaemon (berserk) and an orange demon.

Vanquished Creatures
  Gastronok (D:11)
  2 two-headed ogres
  A boulder beetle (D:8)
  3 death yaks (Lair:1)
  A lindwurm (Lair:1)
  A gargoyle (D:10)
  A cane toad (Lair:1)
  Psyche (D:11)
  2 trolls
  A polar bear (D:8)
  Prince Ribbit (D:9)
  Grinder (D:5)
  A shadow (D:10)
  2 wraiths
  19 yaks
  2 wyverns
  2 acid dragons (D:10)
  4 water moccasins
  11 orc warriors
  An ice beast (D:6)
  3 ogres
  3 wolves
  2 centaurs
  4 kobold brigands (D:8)
  4 elf zombies (Ossuary)
  3 gnoll sergeants
  3 scorpions
  11 wights
  10 killer bees
  3 electric eels (D:8)
  2 howler monkeys
  A centaur zombie (Ossuary)
  A lava snake (D:7)
  8 hounds
  A human zombie (Ossuary)
  2 gnoll boudas (D:6)
  3 jellies
  5 orc priests
  4 sleepcaps
  3 iguanas
  Ijyb (D:3)
  Terence (D:2)
  2 orc wizards (D:10)
  A centaur simulacrum (D:8)
  2 mummies (Ossuary)
  4 adders
  13 gnolls
  3 white imps
  An ufetubus (D:5)
  A worm (D:3)
  A dart slug (D:3)
  40 orcs
  6 endoplasms
  2 giant cockroaches
  21 goblins
  18 hobgoblins
  20 kobolds
  4 quokkas
  2 ball pythons
  3 bats
  6 frilled lizards
  5 hobgoblin zombies (Ossuary)
  2 jackal zombies (Ossuary)
  12 kobold zombies (Ossuary)
  7 orc zombies (Ossuary)
  A rat (D:3)
  A rat zombie (Ossuary)
314 creatures vanquished.

Vanquished Creatures (collateral kills)
  Fannar (D:10)
  A troll (D:10)
  A wolf (D:10)
  3 hounds (D:10)
  A jelly (D:5)
  A gnoll (D:7)
  A hobgoblin (Bailey)
  A rat zombie (Ossuary)
10 creatures vanquished.

Vanquished Creatures (others)
  A white imp (D:8)
  An adder zombie (Ossuary)
  2 hobgoblin zombies
  An orc zombie (Ossuary)
5 creatures vanquished.

Grand Total: 329 creatures vanquished

Notes
Turn   | Place    | Note
-------+----------+-------------------------------------------
     0 | D:1      | Foic the Gnoll Chaos Knight began the quest for the Orb.
     0 | D:1      | Reached XP level 1. HP: 23/23 MP: 1/1
    66 | D:1      | XOM: silly message
   194 | D:1      | Reached XP level 2. HP: 29/29 MP: 2/2
   445 | D:1      | Reached XP level 3. HP: 35/35 MP: 3/3
   664 | D:1      | Identified the +6 quarterstaff "Inisiem" {heavy, Fragile
                  | rF+ Dex+4} (Xom gifted it to you on level 1 of the Dungeon)
   664 | D:1      | XOM: god gift: +6 quarterstaff "Inisiem" {chaos, Fragile
                  | rF+ Dex+4}
   668 | D:1      | XOM: give mutations
   668 | D:1      | Gained mutation: You have hidden genetic potential. [Xom's
                  | grace]
   668 | D:1      | Lost mutation: You have hidden genetic potential. [Xom's
                  | grace]
   668 | D:1      | Gained mutation: You are somewhat resistant to further
                  | mutation. [Xom's grace]
   668 | D:1      | Gained mutation: You passively map a small area around you.
                  | [Xom's grace]
   675 | D:1      | XOM: god gift: 2 stones
   939 | D:2      | Reached skill level 1 in Invocations
   939 | D:2      | XOM: fog
   952 | D:2      | Reached skill level 1 in Short Blades
   952 | D:2      | Reached skill level 1 in Long Blades
   952 | D:2      | Reached skill level 1 in Axes
   952 | D:2      | Reached skill level 1 in Maces & Flails
   952 | D:2      | Reached skill level 1 in Staves
   952 | D:2      | Reached skill level 1 in Ranged Weapons
   952 | D:2      | Reached skill level 1 in Throwing
   952 | D:2      | Reached skill level 1 in Stealth
   952 | D:2      | Reached skill level 1 in Shields
   952 | D:2      | Reached skill level 1 in Unarmed Combat
   952 | D:2      | Reached skill level 1 in Spellcasting
   952 | D:2      | Reached skill level 1 in Evocations
   958 | D:2      | Reached XP level 4. HP: 6/41 MP: 5/5
   973 | D:2      | XOM: 6-stop teleportation journey
  1156 | D:2      | XOM: 2-stop teleportation journey
  1251 | D:2      | Noticed Terence
  1257 | D:2      | Killed Terence
  1258 | D:2      | Reached skill level 1 in Conjurations
  1258 | D:2      | Reached skill level 1 in Hexes
  1258 | D:2      | Reached skill level 1 in Summonings
  1258 | D:2      | Reached skill level 1 in Necromancy
  1258 | D:2      | Reached skill level 1 in Translocations
  1258 | D:2      | Reached skill level 1 in Transmutations
  1258 | D:2      | Reached skill level 1 in Fire Magic
  1258 | D:2      | Reached skill level 1 in Ice Magic
  1258 | D:2      | Reached skill level 1 in Air Magic
  1258 | D:2      | Reached skill level 1 in Earth Magic
  1258 | D:2      | Reached skill level 1 in Poison Magic
  1457 | D:2      | Identified the +0 ring mail of the Five Ultimatums {Fly
                  | Will+}
  1574 | D:2      | XOM: give mutations
  1574 | D:2      | Gained mutation: You expend magic power (3 MP) to
                  | strengthen your wands. [Xom's mischief]
  1574 | D:2      | Gained mutation: You have a pair of small antennae on your
                  | head. [Xom's mischief]
  1823 | D:3      | Found a shimmering blue altar of Sif Muna.
  1939 | D:3      | Noticed Ijyb
  1946 | D:3      | Paralysed by Ijyb for 5 turns
  1953 | D:3      | Paralysed by Ijyb for 2 turns
  1956 | D:3      | Killed Ijyb
  1957 | D:3      | Reached XP level 5. HP: 47/47 MP: 5/7
  1984 | D:3      | XOM: draining
  2155 | D:3      | XOM: silly message
  2346 | D:3      | XOM: give mutations
  2346 | D:3      | Gained mutation: Your spells are a little harder to cast,
                  | but a little more powerful. [Xom's grace]
  2346 | D:3      | Gained mutation: You are robust. (+10% HP) [Xom's grace]
  2520 | D:3      | XOM: give mutations
  2520 | D:3      | Lost mutation: You are robust. (+10% HP) [Xom's mischief]
  2520 | D:3      | Gained mutation: Your spells are harder to cast, but more
                  | powerful. [Xom's mischief]
  2520 | D:3      | Gained mutation: Your body sometimes deteriorates upon
                  | taking damage. [Xom's mischief]
  2520 | D:3      | Lost mutation: You are somewhat resistant to further
                  | mutation. [Xom's mischief]
  2966 | D:4      | XOM: potion effect (haste)
  3074 | D:4      | Reached XP level 6. HP: 46/53 MP: 8/8
  3105 | D:4      | XOM: silly message
  3275 | D:4      | Reached skill level 5 in Armour
  3464 | D:5      | Entered Level 5 of the Dungeon
  3477 | D:4      | XOM: silly message
  3669 | D:5      | Found an ancient bone altar of Kikubaaqudgha.
  3727 | D:5      | Reached XP level 7. HP: 57/60 MP: 10/10
  3740 | D:5      | Noticed Grinder
  3742 | D:5      | XOM: potion effect (haste)
  3748 | D:5      | Killed Grinder
  4029 | D:5      | XOM: summons 4 friendly demons
  4247 | D:5      | Found a staircase to the Ecumenical Temple.
  4277 | Temple   | Entered the Ecumenical Temple
  4469 | D:5      | Reached XP level 8. HP: 67/67 MP: 12/12
  4712 | D:5      | XOM: silly message
  5003 | D:6      | Found Zin's Purification Station.
  5003 | D:6      | Found a glowing silver altar of Zin.
  5173 | D:6      | Found a shadowy altar of Dithmenos.
  5201 | D:6      | XOM: scenery: create altars
  5294 | D:6      | XOM: summons 1 hostile demon
  5533 | D:6      | XOM: noise
  5567 | D:6      | Found a sand-covered staircase.
  5573 | Ossuary  | Entered an ossuary
  5749 | Ossuary  | XOM: noise
  5750 | Ossuary  | XOM: summons friendly white imp
  5776 | Ossuary  | XOM: blink monster(s)
  5793 | Ossuary  | XOM: enchant monster (good)
  5804 | Ossuary  | XOM: destruction
  5806 | Ossuary  | XOM: chaos cloud
  5817 | Ossuary  | XOM: confusion (+ monsters)
  5835 | Ossuary  | Reached XP level 9. HP: 68/73 MP: 14/14
  6153 | D:6      | Reached skill level 5 in Dodging
  6156 | D:6      | XOM: confuse monster(s)
  6327 | D:6      | XOM: silly message
  6566 | D:6      | XOM: silly message
  6660 | D:7      | XOM: summons 2 friendly demons
  6846 | D:7      | XOM: draining
  7000 | D:7      | Reached skill level 5 in Invocations
  7281 | D:7      | XOM: silly message
  7385 | D:7      | Found an ornate altar of the Wu Jian Council.
  7386 | D:7      | Found a shimmering altar of Xom.
  7607 | D:7      | XOM: give mutations
  7607 | D:7      | Lost mutation: You passively map a small area around you.
                  | [Xom's mischief]
  7607 | D:7      | Gained mutation: You are resistant to electric shocks.
                  | (rElec) [Xom's mischief]
  7607 | D:7      | Gained mutation: You occasionally lose the ability to drink
                  | potions when taking damage. [Xom's mischief]
  8426 | D:8      | Noticed a boulder beetle
  8434 | D:8      | XOM: scenery: summon butterflies
  8444 | D:8      | Killed a boulder beetle
  8445 | D:8      | Reached skill level 5 in Short Blades
  8445 | D:8      | Reached skill level 5 in Long Blades
  8445 | D:8      | Reached skill level 5 in Axes
  8445 | D:8      | Reached skill level 5 in Maces & Flails
  8445 | D:8      | Reached skill level 5 in Staves
  8445 | D:8      | Reached skill level 5 in Ranged Weapons
  8445 | D:8      | Reached skill level 5 in Throwing
  8445 | D:8      | Reached skill level 5 in Stealth
  8445 | D:8      | Reached skill level 5 in Shields
  8445 | D:8      | Reached skill level 5 in Unarmed Combat
  8445 | D:8      | Reached skill level 5 in Spellcasting
  8445 | D:8      | Reached skill level 5 in Evocations
  8445 | D:8      | Reached XP level 10. HP: 25/82 MP: 17/17
  8685 | D:8      | XOM: scenery: summon butterflies
  8782 | D:8      | Found a radiant altar of Vehumet.
  8796 | D:8      | Noticed a two-headed ogre
  8803 | D:8      | XOM: fog
  8810 | D:8      | XOM: summons friendly white imp
  8834 | D:7      | XOM: give mutations
  8834 | D:7      | Gained mutation: Your muscles are strong. (Str +4, Int/Dex
                  | -1) [Xom's grace]
  8834 | D:7      | Gained mutation: You have sharp toenails. [Xom's grace]
  8834 | D:7      | Lost mutation: You have sharp toenails. [Xom's grace]
  8834 | D:7      | Gained mutation: You have large cloven feet. [Xom's grace]
  8834 | D:7      | Gained mutation: Your flesh is cold resistant. (rC+) [Xom's
                  | grace]
  8962 | D:8      | XOM: polymorph kobold -> frilled lizard
  8971 | D:8      | Killed a two-headed ogre
  9077 | D:8      | XOM: destruction
  9315 | D:8      | XOM: 7-stop teleportation journey
  9337 | D:8      | XOM: god gift: 43 gold pieces
  9472 | D:8      | Identified the +7 dagger of Xusiorch {pain, Str+4}
  9486 | D:8      | XOM: summons 5 friendly demons
  9777 | D:8      | XOM: give mutations
  9777 | D:8      | Lost mutation: You have large cloven feet. [Xom's grace]
  9777 | D:8      | Gained mutation: You have sharp toenails. [Xom's grace]
  9777 | D:8      | Gained mutation: You have hidden genetic potential. [Xom's
                  | grace]
  9851 | D:8      | XOM: god gift: runed falchion {god gift}
  9946 | D:9      | Found Efubeun's Magic Scroll Emporium.
 10310 | D:9      | Noticed Prince Ribbit
 10318 | D:9      | Killed Prince Ribbit
 10369 | D:9      | Noticed a two-headed ogre
 10373 | D:9      | Killed a two-headed ogre
 10374 | D:9      | Reached skill level 5 in Conjurations
 10374 | D:9      | Reached skill level 5 in Hexes
 10374 | D:9      | Reached skill level 5 in Summonings
 10374 | D:9      | Reached skill level 5 in Necromancy
 10374 | D:9      | Reached skill level 5 in Translocations
 10374 | D:9      | Reached skill level 5 in Transmutations
 10374 | D:9      | Reached skill level 5 in Fire Magic
 10374 | D:9      | Reached skill level 5 in Ice Magic
 10374 | D:9      | Reached skill level 5 in Air Magic
 10374 | D:9      | Reached skill level 5 in Earth Magic
 10374 | D:9      | Reached skill level 5 in Poison Magic
 10374 | D:9      | Reached XP level 11. HP: 69/89 MP: 18/20
 10962 | D:9      | Found a stormy altar of Qazlal.
 10963 | D:9      | Found an iron altar of Okawaru.
 11190 | D:10     | Entered Level 10 of the Dungeon
 11190 | D:10     | Found a flagged portal.
 11332 | D:9      | XOM: scenery: summon butterflies
 11446 | D:10     | XOM: confuse monster(s)
 11449 | D:10     | XOM: scenery: create altars
 11506 | Bailey   | Entered a bailey
 11787 | Bailey   | XOM: give mutation
 11787 | Bailey   | Gained mutation: You possess an exceptional clarity of
                  | mind. [Xom's grace]
 11797 | Bailey   | XOM: fog
 11810 | Bailey   | XOM: noise
 11866 | Bailey   | Noticed an orc knight
 11881 | Bailey   | XOM: summons 3 hostile shadow creatures
 11896 | Bailey   | XOM: divination: magic mapping
 11896 | Bailey   | HP: 4/89 [gnoll/+0 flail[Xom] (4)]
 11999 | Bailey   | Noticed an orc high priest
 12284 | D:10     | Noticed Nergalle
 12287 | D:10     | Banished Nergalle
 12561 | D:10     | XOM: cast spell 'Monstrous Menagerie'
 12574 | D:10     | Noticed Fannar
 12582 | D:10     | Killed Fannar
 12590 | D:10     | Found a staircase to the Lair.
 12646 | D:10     | XOM: 6-stop teleportation journey
 12784 | D:10     | Found a glowing golden altar of the Shining One.
 12822 | D:10     | Found a staircase to the Orcish Mines.
 12871 | D:10     | XOM: summons friendly shadow imp
 12930 | D:10     | XOM: give mutations
 12930 | D:10     | Gained mutation: You are partially covered in iridescent
                  | scales. (AC +2) [Xom's grace]
 12930 | D:10     | Gained mutation: You have a pair of antennae on your head.
                  | [Xom's grace]
 12930 | D:10     | Gained mutation: Your mind is acute. (Int +4, Str/Dex -1)
                  | [Xom's grace]
 12943 | D:10     | Found a bloodstained altar of Trog.
 13262 | D:11     | Noticed Gastronok
 13264 | D:11     | XOM: cleaving
 13267 | D:11     | Noticed Psyche
 13280 | D:11     | Killed Psyche
 13292 | D:11     | Killed Gastronok
 13293 | D:11     | Reached XP level 12. HP: 57/97 MP: 22/22
 13448 | Lair:1   | Entered Level 1 of the Lair of Beasts
 13456 | Lair:1   | XOM: cleaving
 13514 | Lair:1   | Noticed a death yak
 13514 | Lair:1   | Noticed a death yak
 13514 | Lair:1   | Noticed a death yak
 13526 | Lair:1   | Killed a death yak
 13533 | Lair:1   | XOM: scenery: summon butterflies
 13538 | Lair:1   | XOM: destruction
 13539 | Lair:1   | XOM: blink monster(s)
 13550 | Lair:1   | Killed a death yak
 13551 | Lair:1   | Reached skill level 10 in Fighting
 13551 | Lair:1   | Reached skill level 10 in Polearms
 13552 | Lair:1   | Killed a death yak
 13574 | Lair:1   | Gained mutation: You have extremely sharp teeth. [hidden
                  | potential]
 13951 | Lair:1   | XOM: summons 3 friendly demons
 13954 | Lair:1   | XOM: confuse monster(s)
 14052 | Lair:1   | XOM: enchant monster (bad)
 14057 | Lair:1   | Found a dark tunnel.
 14498 | Lair:1   | Noticed Amaemon
 14503 | Lair:1   | XOM: smoke on damage
 14504 | Lair:1   | HP: 1/97 [poisoned by Amaemon]
 14504 | Lair:1   | Slain by Amaemon

Illustrated notes

Levels and vault maps discovered:
D:1:      co_arrival_random_square_maze, layout_loops_corners, st_stairs_5
D:2:      layout_loops_ring, serial_forest, infiniplex_forest_lined_room_2,
          infiniplex_forest_end_3, infiniplex_forest_zigzag_1,
          infiniplex_forest_straight_1, infiniplex_forest_end_2,
          infiniplex_forest_end_2, uniq_terence
D:3:      layout_basic, lemuel_doored_altar, chequers_serial_rivers_small_b,
          kennysheep_generic_room_4, uniq_ijyb
D:4:      layout_rooms, kennysheep_cluttered_room, chequers_jeans,
          minmay_misc_feat_encased, minmay_misc_feat_ornament
D:5:      layout_loops_corners, old_standard_altar, minmay_temple_entry_tees,
          minivault_27, chequers_serial_rivers_room_a, minmay_misc_feat_chi,
          uniq_grinder
D:6:      layout_basic, nicolae_dithmenos_shadow_blocks, zin_purify,
          lightli_ossuary_entry_decrepit_ruins, kb_lookout_dungeons_type,
          nrook_mini_vaults, pf_guarded_unrand_woodcutter
D:7:      layout_loops_ring, mainiacjoe_overflow_catwalk_spiral,
          kennysheep_big_empty_room, small_statue_intersection
D:8:      layout_cave_pools, nicolae_vehumet_altar_sigil, serial_ice,
          serial_ice_f, serial_ice_g, serial_ice_h, serial_ice_i
D:9:      layout_loops_corners, gammafunk_temple_overflow_pools,
          nicolae_stop_n_shop_2, uniq_prince_ribbit1
D:10:     layout_loops_ring, mainiacjoe_overflow_swirl, erik_lair_island,
          enter_bailey_2, uniq_nergalle, uniq_fannar
D:11:     layout_gridville, library_closet, minmay_statues_item, uniq_gastronok,
          uniq_psyche
Temple:   chequers_temple_sunken
Lair:1:   layout_loops_ring, nicolae_volcano_entry_vermiform, uniq_amaemon

Skill      XL: |  1  2  3  4  5  6  7  8  9 10 11 12 |
---------------+-------------------------------------+-----
Invocations    | 1 2 3 4 5 6 7 8 |  8.3
Short Blades   | 1 2 3 5 6 7 |  7.6
Long Blades    | 1 2 3 5 6 7 |  7.6
Axes           | 1 2 3 5 6 7 |  7.6
Maces & Flails | 1 2 3 5 6 7 |  7.6
Staves         | 1 2 3 5 6 7 |  7.6
Ranged Weapons | 1 2 3 5 6 7 |  7.6
Throwing       | 1 2 3 5 6 7 |  7.6
Stealth        | 1 2 3 5 6 7 |  7.6
Shields        | 1 2 3 5 6 7 |  7.6
Unarmed Combat | 1 2 3 5 6 7 |  7.6
Spellcasting   | 1 2 3 5 6 7 |  7.6
Evocations     | 1 2 3 5 6 7 |  7.6
Conjurations   | 1 2 3 4 5 6 |  6.3
Hexes          | 1 2 3 4 5 6 |  6.3
Summonings     | 1 2 3 4 5 6 |  6.3
Necromancy     | 1 2 3 4 5 6 |  6.3
Translocations | 1 2 3 4 5 6 |  6.3
Transmutations | 1 2 3 4 5 6 |  6.3
Fire Magic     | 1 2 3 4 5 6 |  6.3
Ice Magic      | 1 2 3 4 5 6 |  6.3
Air Magic      | 1 2 3 4 5 6 |  6.3
Earth Magic    | 1 2 3 4 5 6 |  6.3
Poison Magic   | 1 2 3 4 5 6 |  6.3
Dodging        | 3 4 5 6 7 8 |  8.1
Armour         | 5 6 7 8 9 |  9.0
Fighting       | 7 8 9 10 | 10.1
Polearms       | 7 8 9 10 | 10.1

Action                     |  1- 3 |  4- 6 |  7- 9 | 10-12 || total
---------------------------+-------+-------+-------+-------++-------
  Melee: Spear             |    73 |       |       |       ||    73
         Punch             |     1 |       |       |       ||     1
         Bite              |     4 |     7 |    47 |    49 ||   107
         Quarterstaff      |    15 |   102 |   336 |   434 ||   887
         Kick              |       |       |       |   146 ||   146
         Unarmed           |       |       |       |    13 ||    13
  Throw: Stone             |     1 |    14 |       |     1 ||    16
         Dart              |       |     3 |     2 |     1 ||     6
         Boomerang         |       |       |    13 |       ||    13
  Evoke: Piece from Xom's  |       |     1 |    12 |    17 ||    30
         Wand              |       |       |     1 |       ||     1
    Use: Potion            |     1 |       |     4 |     2 ||     7
         Scroll            |       |       |       |     7 ||     7
   Stab: Sleeping          |     1 |     2 |       |       ||     3
         Confused          |       |       |     5 |     5 ||    10
         Petrifying        |       |       |     1 |     1 ||     2
         Paralysed         |       |       |     3 |       ||     3
         Invisible         |       |       |     2 |       ||     2
         Distracted        |       |       |       |     2 ||     2
 Armour: Leather armour    |    18 |     1 |       |       ||    19
         Plate armour      |       |    50 |   195 |   264 ||   509
         Skin              |       |       |       |     2 ||     2
  Dodge: Dodged            |    37 |    28 |    72 |   201 ||   338
  Block: Other             |       |       |       |    35 ||    35
